Description

This is a very aggressive build that could take the initiative and even induce a result of canceling the 2nd Command Center.

VOD

https://youtu.be/zTgV0LyC2Zk?t=6794

Build Order

Get SALT Encoding   

  14  0:20  Pylon  Build it to your expand area
  16  0:45  Gateway  1st
  17  0:48  Assimilator  1st
  20  1:22  Pylon  Build 2nd Pylon on the site of your main base
  21  1:32  Cybernetics Core, Zealot  Construct it right after the completion of your Gateway
  23  1:58  Nexus  Required 400 minerals
  24  2:09  Stalker (Chrono Boost), Warp Gate  Don't forget to use Chrono Boost!, Upgrade
  27  2:16  Assimilator  2nd
  28  2:29  Stalker (Chrono Boost)  2nd
  30  2:35  Pylon  3rd, build it more faster than 2:35
  31  2:56  Twilight Council  
  31  3:01  Stalker  3rd
  39  3:36  Stalker  4th
  42  3:39  Blink  Upgrade
  41  3:48  Gateway  2nd
  41  3:51  Gateway  3rd
  43  4:01  Shield Battery  
  45  4:15  Stalker  5th, warp for defending your base
  49  4:32  Nexus, Pylon  3rd, 4th, build this proxy pylon earlier than 4:32
  51  4:57  Stalker x3  6th, 7th, 8th
  59  5:10  Robotics Facility  
Spawning Tool Build Advisor. Get it on Overwolf

Analysis

Original Text(KR)

-

  1. Let your Probe build Pylon (0:18~0:20) and then send it to the main base of your enemy.

  2. Bully SCV by your Probe until 1:50~1:55(2:00~2:05 Reaper) and run away to an obscure alley.

  3. Detour your Zealot to a side road for avoiding Reaper.

  4. Return hidden Probe to the 2nd base of your opponent and disturb the work of a SCV(2:25).

  5. Throw the reaper out of your base by 1st Stalker (2:30) and eliminate the SCV by your Zealot (2:40).

  6. Hit the Command Center with the Zealot and follow-up Stalkers until your enemy send Cyclones(3:20~3:30) or a massive amount of SCVs.

  7. Don't forget to build the proxy pylon(4th, earlier than 4:32).

  8. Attack it again with your 4 Stalkers(earlier than 4:50) and add 3 Stalkers.

  9. If you fail to finish the game, construct a Robotics Facility & 2 Forges like the normal builds with Blink Stalkers.

Go to:

Details

  • Created by: heynocola
  • Published on: May 07, 2018
  • Modified on: May 07, 2018
  • Patch: 4.0.0
Show
View Real Time Build Order
Export as new Build Order

Comments (0)

There are no comments. Be the first!

Create an account to comment!